 Dungeon Crawl Stone Soup version 0.30-a0-297-g0ec75d9ef4 (webtiles) character file.

Game seed: 13918597518006778379

60 Hubris850 the Firebug (level 4, -1/41 HPs)
             Began as an Ogre Fire Elementalist on Oct 19, 2022.
             Succumbed to a scorpion's poison
             ... on level 3 of the Dungeon.
             The game lasted 00:05:26 (1753 turns).

Hubris850 the Firebug (Ogre Fire Elementalist)      Turns: 1753, Time: 00:05:26

Health: -1/41      AC:  3    Str: 12    XL:     4   Next: 4%
Magic:  1/8        EV: 10    Int: 18    God:
Gold:   58         SH:  0    Dex:  9    Spells: 3/9 levels left

rFire   . . .      SeeInvis .    f - +0 whip
rCold   . . .      Faith    .    (no shield)
rNeg    . . .      Spirit   .    a - +0 robe
rPois   .          Reflect  .    (helmet restricted)
rElec   .          Harm     .    e - scarf {shadows}
rCorr   .          Rampage  .    (gloves unavailable)
Will    .....                    (boots unavailable)
Stlth   +.........               (no amulet)
HPRegen 0.26/turn                (no ring)
MPRegen 0.11/turn                (no ring)

@: lethally poisoned (-1 -> -6)
A: large, unfitting armour, tough skin 1
a: no special abilities


You were on level 3 of the Dungeon.
You visited 1 branch of the dungeon, and saw 3 of its levels.

You collected 58 gold pieces.

Inventory:

Hand Weapons
 f - a +0 whip (weapon)
Missiles
 k - 4 atropa-tipped darts
Armour
 a - a +0 robe (worn)
 e - a scarf of shadows (worn)
Scrolls
 c - a scroll of amnesia {unknown}
 h - a scroll of fear {unknown}
 i - 2 scrolls of noise {unknown}
 j - 2 scrolls of identify {unknown}
 m - a scroll of silence {unknown}
 n - a scroll of teleportation {unknown}
 q - a scroll of enchant weapon {unknown}
Potions
 b - 2 potions of magic
 d - 2 potions of degeneration {unknown}
 g - a potion of might {unknown}
 l - 3 potions of attraction {unknown}
 o - a potion of mutation {unknown}
 p - a potion of resistance {unknown}


   Skills:
 + Level 1.2 Fighting
 + Level 0.9 Maces & Flails
 + Level 2.3 Dodging
 - Level 1.4 Stealth
 + Level 3.0 Spellcasting
 + Level 1.5 Conjurations
 + Level 3.0 Fire Magic


You had 3 spell levels left.
You knew the following spells:

 Your Spells              Type           Power      Damage    Failure   Level
a - Foxfire               Conj/Fire      40%        2x1d6     6%          1
b - Scorch                Fire           26%        2d6       7%          2
c - Kindle Blastsparks    Fire/Tloc/Air  12%        2d11      32%         3

Your spell library contained the following spells:

 Spells                   Type           Power      Damage    Failure   Level
 Inner Flame              Hex/Fire       8%         N/A       26%         3
 Flame Wave               Conj/Fire      10%        2d6       54%         4


Dungeon Overview and Level Annotations

Branches:
Dungeon (3/15)

Altars:

Shops:
D:1 ?


Innate Abilities, Weirdness & Mutations

You are too large for most types of armour.
You have tough skin. (AC +1)


Message History

Casting: Foxfire (safe; 6% risk of failure)
Confirm with . or Enter, or press ? or * to list all spells.
You don't have enough magic to cast this spell.
Casting: Foxfire (safe; 6% risk of failure)
Confirm with . or Enter, or press ? or * to list all spells.
You conjure some foxfire!
You feel sick. The scorpion stings you.
You hit the scorpion.
The scorpion is almost dead.
You feel sick.
The foxfire hits the scorpion but does no damage.
The scorpion is almost dead.
The foxfire hits the scorpion.
The scorpion is almost dead.
The scorpion stings you.
You are lethally poisoned!
The scorpion poisons you! The scorpion barely misses you.
You closely miss the scorpion.
The scorpion is almost dead.
* * * LOW HITPOINT WARNING * * *
You feel very sick. The scorpion barely misses you.
You barely miss the scorpion.
The scorpion is almost dead.
* * * LOW HITPOINT WARNING * * *
You feel very sick. The scorpion closely misses you.
You hit the scorpion but do no damage.
The scorpion is almost dead.
* * * LOW HITPOINT WARNING * * *
You feel very sick.
The scorpion stings you but does no damage.
You barely miss the scorpion.
The scorpion is almost dead.
* * * LOW HITPOINT WARNING * * *
You feel sick. The scorpion stings you.
* * * LOW HITPOINT WARNING * * *
The scorpion stings you but does no damage.
You hit the scorpion.
You kill the scorpion!
You die...

... ... #.#
...
#.####..
#.......
#@......
#..###..
...# .....
.......
.........
...........


There were no monsters in sight!

Vanquished Creatures
  A scorpion (D:3)
  2 adders (D:2)
  A worm (D:2)
  A dart slug (D:1)
  5 bats
  7 endoplasms
  2 goblins (D:1)
  4 hobgoblins
  2 jackals (D:2)
  A quokka (D:1)
  4 ball pythons
  A frilled lizard (D:2)
  3 kobolds
  5 rats
39 creatures vanquished.

Vanquished Creatures (others)
  80 foxfires
80 creatures vanquished.

Grand Total: 119 creatures vanquished

Notes
Turn   | Place    | Note
-------+----------+-------------------------------------------
     0 | D:1      | Hubris850 the Ogre Fire Elementalist began the quest for
                  | the Orb.
     0 | D:1      | Reached XP level 1. HP: 16/16 MP: 3/3
    59 | D:1      | Reached skill level 1 in Conjurations
   133 | D:1      | Reached XP level 2. HP: 13/24 MP: 0/5
   231 | D:1      | Found Ythraisk's Magic Scroll Boutique.
   390 | D:1      | Learned a level 2 spell: Scorch
   527 | D:1      | Reached XP level 3. HP: 32/32 MP: 4/7
   700 | D:1      | Learned a level 3 spell: Kindle Blastsparks
   874 | D:2      | Reached skill level 1 in Fighting
  1622 | D:2      | Reached XP level 4. HP: 35/41 MP: 8/8
  1734 | D:3      | Noticed a scorpion
  1752 | D:3      | HP: 1/41 [scorpion (4)]
  1753 | D:3      | Killed a scorpion
  1753 | D:3      | Succumbed to a scorpion's poison

Illustrated notes

Levels and vault maps discovered:
D:1:      psy_arrival_spokes, layout_rooms, serial_shops, shop_scrolls,
          nicolae_figureground_pulse
D:2:      layout_loops_cross, nicolae_titane
D:3:      layout_basic, gammafunk_ghost_arena

Skill      XL: |  1  2  3 |
---------------+----------+-----
Conjurations   | 1 |  1.5
Dodging        | 2 |  2.3
Fighting       | 1 |  1.2
Fire Magic     | 3 |  3.0
Spellcasting   | 3 |  3.0
Maces & Flails | |  0.9
Stealth        | |  1.4

Action                   |  1- 3 |  4- 6 || total
-------------------------+-------+-------++-------
Melee: Whip              |    81 |    14 ||    95
       Unarmed           |     1 |       ||     1
       Punch             |       |     1 ||     1
 Cast: Foxfire           |    38 |     9 ||    47
       Scorch            |     4 |     1 ||     5
 Stab: Sleeping          |     2 |       ||     2
Armor: Robe              |    31 |     5 ||    36
Dodge: Dodged            |    48 |    10 ||    58

Table legend: (Time is in decaauts)
 A = Elapsed time spent in this place.
 B = Non-inter-level travel time spent in this place.
 C = Inter-level travel time spent in this place.
 D = Time resting spent in this place.
 E = Time spent auto-exploring this place.
 F = Levels seen in this place.
 G = Mean time per level.
                   A        B        C        D        E       F      G
               +--------+--------+--------+--------+--------+-----+--------+
         Total |   1759 |   1667 |     92 |    100 |   1251 |   3 |  586.3 |
       Dungeon |   1759 |   1667 |     92 |    100 |   1251 |   3 |  586.3 |
               +--------+--------+--------+--------+--------+-----+--------+

Top non-repeatable levels by time:
     D:2: 967 daAuts
     D:1: 772 daAuts
     D:3: 19 daAuts
